Map: Ruins of Endion

Players

Fropez

  • Race: Protoss Protoss
  • League: Silver
  • Spawn Location: 7:00

Angel - Winner!

  • Race: Protoss Protoss
  • League: Silver
  • Spawn Location: 5:00

VOD

Have the link to the VOD?

Description

Time

  • Played on: May 18, 2016, 11:41 a.m.
  • Length: 10:02
Show
View Real Time Build Order
Export as new Build Order

Fropez Protoss 

Build Orders:  

Get SALT Encoding   

  12  0:26  Probe (Chrono Boost)  
  13  0:37  Probe (Chrono Boost)  
  13  0:40  Pylon  
  13  0:41  Pylon  
  14  0:47  Probe (Chrono Boost)  
  14  0:49  Assimilator  
  15  0:54  Assimilator  
  15  0:58  Probe (Chrono Boost)  
  16  1:10  Gateway  
  16  1:12  Probe (Chrono Boost)  
  17  1:24  Gateway  
  17  1:25  Probe (Chrono Boost)  
  18  1:36  Probe (Chrono Boost)  
  19  1:46  Probe (Chrono Boost)  
  20  2:00  Cybernetics Core  
  20  2:02  Probe (Chrono Boost)  
  21  2:14  Probe (Chrono Boost)  
  22  2:25  Probe (Chrono Boost)  
  23  2:35  Probe (Chrono Boost)  
  26  2:37  Adept x2  
  28  2:45  Pylon  
  28  2:46  Probe (Chrono Boost)  
  28  2:49  Warp Gate (Chrono Boost)  
  29  2:57  Mothership Core (Chrono Boost)  
  31  3:04  Adept x2  
  35  3:15  Probe (Chrono Boost)  
  36  3:21  Pylon  
  36  3:25  Probe (Chrono Boost)  
  33  3:36  Probe (Chrono Boost)  
  34  3:44  Gateway x2  
  34  3:46  Probe  
  35  3:50  Stalker  
  35  3:51  Stalker  
  39  3:59  Probe  
  40  4:05  Pylon  
  40  4:11  Probe  
  41  4:33  Forge  
  41  4:46  Stalker x4  
  49  5:07  Protoss Ground Weapons Level 1 (Chrono Boost)  
  49  5:22  Nexus, Probe  
  49  5:24  Twilight Council  
  49  5:26  Stalker  
  48  5:57  Probe  
  48  6:00  Blink (Chrono Boost)  
  49  6:09  Probe  
  49  6:10  Robotics Facility  
  50  6:18  Pylon  
  50  6:19  Pylon  
  50  6:21  Probe  
  50  6:22  Pylon, Stalker x2  
  55  6:38  Probe x2  
  57  6:45  Assimilator  
  57  6:49  Assimilator  
  57  6:53  Gateway  
  57  6:56  Gateway  
  57  7:02  Photon Cannon  
  57  7:03  Probe  
  57  7:04  Probe  
  57  7:06  Observer  
  60  7:17  Probe x2  
  60  7:20  Protoss Ground Weapons Level 2 (Chrono Boost)  
  62  7:41  Adept x3  
  62  7:42  Adept  
  70  7:58  Probe  
  71  8:00  Observer  
  72  8:08  Dark Shrine  
  72  8:11  Pylon  
  72  8:18  Photon Cannon  
  66  8:27  Pylon  
  66  8:30  Pylon  
  66  8:32  Pylon  
  66  8:34  Photon Cannon  
  60  8:36  Observer  
  60  8:41  Probe  
  59  8:42  Probe  
  61  8:58  Observer  
  61  9:01  Nexus  
  62  9:04  Assimilator  
  62  9:06  Assimilator  
  62  9:07  Adept x5  
  62  9:08  Adept, Pylon  
  74  9:11  Pylon  
  68  9:30  Dark Templar x4  
  54  9:55  Stalker x2  
Show
View Real Time Build Order
Export as new Build Order

Angel Protoss - Winner!

Build Orders:  

Get SALT Encoding   

  12  0:01  Probe (Chrono Boost)  
  13  0:12  Probe (Chrono Boost)  
  14  0:23  Pylon  
  14  0:24  Probe (Chrono Boost)  
  15  0:41  Probe (Chrono Boost)  
  16  0:42  Gateway  
  16  0:44  Assimilator  
  16  0:52  Probe (Chrono Boost)  
  17  1:02  Probe (Chrono Boost)  
  18  1:13  Probe (Chrono Boost)  
  19  1:23  Probe (Chrono Boost)  
  20  1:30  Cybernetics Core  
  20  1:32  Pylon  
  20  1:39  Probe (Chrono Boost)  
  20  1:42  Assimilator  
  20  1:50  Probe (Chrono Boost)  
  21  2:08  Nexus  
  21  2:10  Warp Gate (Chrono Boost)  
  21  2:13  Probe  
  22  2:18  Adept (Chrono Boost)  
  24  2:25  Mothership Core  
  26  2:32  Pylon  
  26  2:43  Adept (Chrono Boost)  
  28  2:50  Gateway  
  28  2:55  Probe  
  29  3:07  Stalker (Chrono Boost)  
  29  3:12  Pylon  
  31  3:21  Probe  
  32  3:31  Probe  
  33  3:35  Gateway  
  33  3:42  Probe  
  34  3:50  Gateway  
  34  3:52  Probe  
  34  3:53  Pylon  
  35  4:03  Probe  
  35  4:06  Robotics Facility  
  36  4:13  Probe  
  37  4:17  Adept  
  37  4:24  Probe  
  39  4:25  Stalker  
  42  4:34  Probe  
  43  4:41  Stalker  
  43  4:42  Stalker  
  43  4:43  Forge  
  43  4:45  Probe  
  47  4:48  Stalker  
  47  4:52  Adept  
  52  5:09  Stalker  
  52  5:10  Adept  
  52  5:11  Adept  
  52  5:13  Adept  
  60  5:18  Protoss Ground Weapons Level 1 (Chrono Boost)  
  60  5:22  Pylon  
  60  5:24  Pylon  
  60  5:25  Observer (Chrono Boost)  
  61  5:30  Probe  
  62  5:40  Probe  
  63  5:51  Probe  
  63  5:57  Stargate  
  64  6:00  Assimilator  
  64  6:01  Probe, Assimilator  
  65  6:07  Stalker  
  65  6:08  Adept, Stalker  
  65  6:09  Adept  
  73  6:12  Probe  
  74  6:22  Probe  
  75  6:33  Probe  
  75  6:34  Warp Prism (Chrono Boost)  
  78  6:43  Probe  
  79  6:48  Stalker  
  79  6:49  Adept, Pylon, Stalker  
  79  6:53  Pylon  
  85  6:56  Probe  
  86  7:03  Pylon  
  86  7:07  Probe  
  86  7:08  Void Ray (Chrono Boost)  
  86  7:10  Protoss Ground Armor Level 1 (Chrono Boost)  
  91  7:18  Probe  
  92  7:30  Probe  
  92  7:32  Immortal (Chrono Boost)  
  97  7:41  Stalker x2  
  97  7:42  Probe, Stalker x2  
  106  7:45  Void Ray  
  110  8:10  Pylon  
  110  8:11  Pylon  
  109  8:22  Void Ray  
  107  8:29  Immortal (Chrono Boost)  
  115  9:07  Stalker x2  
  115  9:08  Stalker x2  
  104  9:40  Stalker x2  
  104  9:41  Stalker x2  
Tags
 
Matchup
PvP
Replay Pack
All Mines
Spawn Locations
Close Positions
Add a new tag
Caveats
  • Supply blocks, unpowered buildings, or Contaminate may cause inaccurate times.
  • Supply counts are checked every 10 seconds.